 Dungeon Crawl Stone Soup version 0.23.2-33-g5129a83184 (webtiles) character file.

Game seed: 13430729111636720179

271 Hebeh the Conjurer (level 6, -3/32 HPs)
             Began as a Deep Elf Conjurer on July 1, 2019.
             Slain by an ogre
             ... wielding a +0 giant club
              (10 damage)
             ... on level 4 of the Dungeon on July 2, 2019.
             The game lasted 00:16:46 (3425 turns).

Hebeh the Conjurer (Deep Elf Conjurer)              Turns: 3425, Time: 00:16:46

Health: -3/32      AC:  2    Str:  5    XL:     6   Next: 2%
Magic:  17/17      EV: 13    Int: 22    God:
Gold:   122        SH:  0    Dex: 15    Spells: 12/17 levels left

rFire    . . .     SeeInvis .   e - +0 dagger
rCold    + . .     Gourm    .   (no shield)
rNeg     . . .     Faith    .   a - +0 robe
rPois    +         Spirit   .   (no helmet)
rElec    .         Reflect  .   (no cloak)
rCorr    .         Harm     .   (no gloves)
MR       .....                  (no boots)
Stlth    ++........             (no amulet)
HPRegen  0.10/turn              p - ring of poison resistance
MPRegen  0.15/turn              s - ring of protection from cold

@: no status effects
A: no striking features
a: no special abilities


You were on level 4 of the Dungeon.
You were not hungry.

You visited 1 branch of the dungeon, and saw 4 of its levels.

You collected 122 gold pieces.

Inventory:

Hand Weapons
 e - a +0 dagger (weapon)
 m - a +0 short sword
 t - a +0 war axe
Missiles
 h - 75 stones (quivered)
 q - 32 sling bullets
Armour
 a - a +0 robe (worn)
Jewellery
 p - a ring of poison resistance (left hand)
 s - a ring of protection from cold (right hand)
Wands
 u - a wand of polymorph (6)
Scrolls
 d - 5 scrolls of identify {unknown}
 i - 4 scrolls of teleportation {unknown}
 l - a scroll of enchant weapon {unknown}
 o - a scroll of amnesia {unknown}
Potions
 b - a potion of cancellation {unknown}
 f - a potion of curing {unknown}
 g - a potion of haste {unknown}
 j - a potion of heal wounds {unknown}
 k - 2 potions of berserk rage {unknown}
 r - a potion of flight {unknown}
 v - a potion of resistance {unknown}
Comestibles
 c - 8 rations


   Skills:
 - Level 2.4 Dodging
 - Level 2.4 Stealth
 + Level 6.3 Spellcasting
 + Level 6.4 Conjurations


You had 12 spell levels left.
You knew the following spells:

 Your Spells              Type           Power        Failure   Level  Hunger
a - Magic Dart            Conj           ####         1%          1    None
b - Iskenderun's Mystic   Conj           #####...     6%          4    ###....

Your spell library contained the following spells:

 Spells                   Type           Power        Failure   Level  Hunger
 Searing Ray              Conj           #####.       1%          2    None
 Dazzling Spray           Conj/Hex       ###...       7%          3    #......
 Force Lance              Conj/Tloc      ###.....     24%         4    ###....
 Fulminant Prism          Conj/Hex       ###.......   24%         4    ###....


Dungeon Overview and Level Annotations

Branches:
Dungeon (4/15)
 Temple: D:4-7

Altars:
Hepliaklqana
Okawaru
Qazlal

Annotations:
D:3 2 transporters, redwoodhats's ghost, amateur BaBe


Message History

You don't have enough magic to cast that spell.
You see here a jackal skeleton.
The hound skeleton bites you.
There is a stone staircase leading up here.
The hound skeleton bites you.
You climb upwards.
Level annotation: 2 transporters, redwoodhats's ghost, amateur BaBe
There is a stone staircase leading down here.
You start resting.
HP restored.
You start resting.
Magic restored.
You climb downwards.
The hound skeleton bites you.
The ogre hits you with a +0 giant club!!
Ouch! That really hurt!
* * * LOW HITPOINT WARNING * * *
The hound skeleton closely misses you.
There is a stone staircase leading up, spattered with blood here.
The hound skeleton barely misses you. The ogre hits you with a +0 giant club!
You die...

.........
.......$
...... #...>##
.. ##.....#<.#
#.........##
##..# ...
##.รทรท##.....
#...@.......
#..Z.O.....#
#...<.......
#............
##...###...##
#### ####


You could see an ogre and a hound skeleton.

Vanquished Creatures
  Ijyb (D:3)
  Natasha (thrice) (D:2)
  An iguana (D:4)
  7 adders
  An ooze (D:1)
  2 worms
  4 leopard geckos
  2 orcs (D:3)
  5 bats
  7 giant cockroaches
  10 goblins
  7 hobgoblins
  4 jackals
  A quokka (D:3)
  8 frilled lizards
  4 kobolds
  A quokka skeleton (D:4)
  4 rats
72 creatures vanquished.

Notes
Turn   | Place    | Note
-------+----------+-------------------------------------------
     0 | D:1      | Hebeh the Deep Elf Conjurer began the quest for the Orb.
     0 | D:1      | Reached XP level 1. HP: 10/10 MP: 6/6
   183 | D:1      | Reached XP level 2. HP: 15/15 MP: 2/8
   675 | D:1      | Reached skill level 5 in Conjurations
   675 | D:1      | Reached XP level 3. HP: 19/19 MP: 8/10
  1284 | D:2      | Noticed Natasha
  1292 | D:2      | Killed Natasha
  1292 | D:2      | Reached XP level 4. HP: 7/24 MP: 3/12
  1404 | D:2      | Noticed Natasha
  1424 | D:2      | Killed Natasha
  1424 | D:2      | Reached skill level 5 in Spellcasting
  1663 | D:2      | Found a faded altar of an unknown god.
  1702 | D:2      | Noticed Natasha
  1706 | D:2      | Killed Natasha
  1706 | D:2      | Reached XP level 5. HP: 28/28 MP: 9/14
  1755 | D:2      | Found a stormy altar of Qazlal.
  1829 | D:2      | Found a hazy altar of Hepliaklqana.
  2255 | D:3      | Found an iron altar of Okawaru.
  2424 | D:3      | Found a transporter.
  2427 | D:3      | Noticed redwoodhats's ghost (amateur BaBe)
  2444 | D:3      | Noticed Ijyb
  2452 | D:3      | Killed Ijyb
  2577 | D:3      | Found a transporter.
  2906 | D:3      | Learned a level 4 spell: Iskenderun's Mystic Blast
  3128 | D:3      | Reached XP level 6. HP: 17/32 MP: 3/17
  3425 | D:4      | Slain by an ogre

Skill      XL: |  1  2  3  4  5 |
---------------+----------------+-----
Spellcasting   | 4 5 6 |  6.3
Conjurations   | 5 6 |  6.4
Dodging        | |  2.4
Stealth        | |  2.4

Action                   |  1- 3 |  4- 6 || total
-------------------------+-------+-------++-------
Melee: Dagger            |       |    12 ||    12
 Cast: Magic Dart        |    73 |    87 ||   160
       Iskenderun's Myst |       |    12 ||    12
  Eat: Chunk             |     1 |     5 ||     6
       Ration            |       |     1 ||     1
Armor: Robe              |     3 |     3 ||     6
Dodge: Dodged            |     9 |    38 ||    47
